 Dungeon Crawl Stone Soup version 0.29.1-13-g9f3cf754e1 (webtiles) character file.

Game seed: 3540878519489003458

7 growler the Conjurer (level 1, 0/13 HPs)
             Began as a Demonspawn Wanderer on Jan 19, 2023.
             Slain by a goblin
             ... wielding a +0 club
              (3 damage)
             ... on level 1 of the Dungeon.
             The game lasted 00:01:50 (232 turns).

growler the Conjurer (Demonspawn Wanderer)           Turns: 232, Time: 00:01:50

Health: 0/13       AC:  5    Str: 17    XL:     1   Next: 91%
Magic:  2/2        EV: 12    Int: 16    God:
Gold:   0          SH:  0    Dex: 10    Spells: 2/2 levels left

rFire   . . .      SeeInvis .   a - +0 club
rCold   . . .      Faith    .   (no shield)
rNeg    . . .      Spirit   .   c - +0 robe
rPois   .          Reflect  .   e - +2 helmet
rElec   .          Harm     .   (no cloak)
rCorr   .          Rampage  .   (no gloves)
Will    .....                   (no boots)
Stlth   +.........              (no amulet)
HPRegen 0.04/turn               f - +6 ring of strength
MPRegen 0.08/turn               (no ring)

@: no status effects
A: no striking features
a: no special abilities


You were on level 1 of the Dungeon.
You visited 1 branch of the dungeon, and saw 1 of its levels.

Inventory:

Hand Weapons
 a - a +0 club (weapon)
Armour
 c - a +0 robe (worn)
 d - a +0 helmet
 e - a +2 helmet (worn)
Jewellery
 f - a +6 ring of strength (left hand)
Scrolls
 b - 2 scrolls of teleportation
Potions
 g - a potion of resistance {unknown}
 h - a potion of mutation {unknown}


   Skills:
 - Level 1.7 Dodging
 - Level 1.0 Stealth
 + Level 1.3 Spellcasting
 + Level 4.1 Conjurations
 + Level 1.3 Earth Magic
 - Level 1.0 Evocations


You had 2 spell levels left.
You didn't know any spells.
Your spell library contained the following spells:

 Spells                   Type           Power      Damage    Failure   Level
 Foxfire                  Conj/Fire      28%        2x1d5     10%         1
 Sandblast                Erth           10%        2d5       13%         1
 Stone Arrow              Conj/Erth      18%        3d8       22%         3
 Fulminant Prism          Conj/Hex       3%         3d6       67%         4
 Iskenderun's Mystic Bla  Conj/Tloc      7%         2d4       67%         4


Dungeon Overview and Level Annotations

Branches:
Dungeon (1/15)

Altars:


Message History

The ball python constricts you.
You hit the ball python.
The ball python is severely wounded.
The goblin shouts!
The ball python bites you. The ball python constricts you.
You barely miss the ball python.
The ball python is severely wounded.
The ball python bites you but does no damage.
The ball python constricts you. The ball python barely misses you.
The ball python constricts you.
You closely miss the ball python.
The ball python is severely wounded.
The ball python bites you but does no damage.
The ball python constricts you.
You closely miss the ball python.
The ball python is severely wounded.
The ball python closely misses you. The ball python constricts you.
The ball python bites you but does no damage.
The ball python constricts you.
You hit the ball python but do no damage.
The ball python is severely wounded.
The ball python closely misses you. The ball python constricts you.
You closely miss the ball python.
The ball python is severely wounded.
The ball python bites you. The ball python constricts you.
The goblin barely misses you.
The ball python bites you but does no damage.
The ball python constricts you. The goblin hits you but does no damage.
You closely miss the ball python.
The ball python is severely wounded.
The ball python bites you but does no damage.
The ball python constricts you. The goblin hits you but does no damage.
The ball python bites you but does no damage.
The ball python constricts you.
* * * LOW HITPOINT WARNING * * *
You hit the ball python.
You kill the ball python!
The goblin closely misses you.
You closely miss the goblin. The goblin hits you with a +0 club.
You die...

...............#
####...........#
#..#........####
#..####.#.......
#.. #.#)..### ..
#.....# ###
##....#
#.#####....#
#...>@.....#
#...[g...$.#
#.(...!..#.#
#.......$..#
#............
#.......#####
#..[....#
######..#


You could see a goblin.

Vanquished Creatures
  A ball python (D:1)
  2 endoplasms (D:1)
  2 goblins (D:1)
  A rat (D:1)
6 creatures vanquished.

Notes
Turn   | Place    | Note
-------+----------+-------------------------------------------
     0 | D:1      | growler the Demonspawn Wanderer began the quest for the
                  | Orb.
     0 | D:1      | growler set off with the following items: a +0 club, a
                  | scroll of teleportation, a +0 robe, a +0 helmet; and the
                  | following spells available to memorise: Foxfire, Sandblast,
                  | Stone Arrow, Fulminant Prism, Iskenderun's Mystic Blast.
     0 | D:1      | Reached XP level 1. HP: 13/13 MP: 2/2
   232 | D:1      | Slain by a goblin

Illustrated notes

Levels and vault maps discovered:
D:1:      ncdulo_wetmaze, layout_loops_ring,
          shapermc_ecumenical_altar_flowoftime, serial_shops, shop

Action                   || total
-------------------------++-------
Melee: Club              ||    30
 Stab: Sleeping          ||     2
Armor: Robe              ||    10
Dodge: Dodged            ||    23
